 Dungeon Crawl Stone Soup version 0.30-a0-556-g0a0f5a245f (webtiles) character file.

Game seed: 18235900896016369939

1319 Bnni the Vexing (level 8, -4/60 HPs)
             Began as a Formicid Hexslinger on Dec 27, 2022.
             Was a Believer of Okawaru.
             Killed by nerve-wracking pain
             ... invoked by an orc priest
              (7 damage)
             ... on level 8 of the Dungeon.
             The game lasted 00:15:41 (6666 turns).

Bnni the Vexing (Formicid Hexslinger)               Turns: 6666, Time: 00:15:42

Health: -4/60      AC:  4    Str: 14    XL:     8   Next: 90%
Magic:  1/13       EV: 12    Int: 16    God:    Okawaru [**....]
Gold:   386        SH:  0    Dex: 14    Spells: 3/14 levels left

rFire   . . .      SeeInvis +    a - +1 sling
rCold   . . .      Faith    .    w - orb {mayhem}
rNeg    . . .      Spirit   .    c - +0 robe
rPois   .          Reflect  .    (helmet unavailable)
rElec   .          Harm     .    y - +0 cloak
rCorr   .          Rampage  .    h - +0 pair of gloves
Will    .....                    (no boots)
Stlth   +                        (no amulet)
HPRegen 0.30/turn                e - ring of flight
MPRegen 0.13/turn                (no ring)

@: portalling projectiles, flying
A: permanent stasis, dig shafts and tunnels, antennae 3, four strong arms
a: Dig, Shaft Self, Renounce Religion, Heroism


You were on level 8 of the Dungeon.
You worshipped Okawaru.
Okawaru was pleased with you.
You visited 2 branches of the dungeon, and saw 10 of its levels.

You collected 386 gold pieces.

Inventory:

Hand Weapons
 a - a +1 sling (weapon)
Missiles
 i - 2 throwing nets
Armour
 c - a +0 robe (worn)
 h - a +0 pair of gloves (worn)
 w - an orb of mayhem (worn)
 y - a +0 cloak (worn)
Jewellery
 e - a ring of flight (left hand)
Wands
 d - a wand of digging (7)
 k - a wand of flame (9)
 m - a wand of paralysis (8)
 p - a wand of acid (13)
 v - a wand of iceblast (4)
Scrolls
 b - 3 scrolls of poison
 l - a scroll of magic mapping
 n - a scroll of enchant armour
 r - 3 scrolls of amnesia {unknown}
 u - a scroll of fog
Potions
 f - a potion of curing
 g - 2 potions of heal wounds
 j - 2 potions of might
 o - 2 potions of attraction
 s - 2 potions of flight {unknown}
 t - a potion of lignification {unknown}
 x - 2 potions of brilliance {unknown}


   Skills:
 + Level 4.0 Fighting
 * Level 5.6 Ranged Weapons
 - Level 1.7 Dodging
 + Level 3.6 Spellcasting
 * Level 7.2 Hexes
 - Level 3.0 Fire Magic
 + Level 3.5 Invocations


You had 3 spell levels left.
You knew the following spells:

 Your Spells              Type           Power      Damage    Failure   Level
a - Slow                  Hex            100%       N/A       1%          1
b - Inner Flame           Hex/Fire       19%        N/A       6%          3
c - Portal Projectile     Hex/Tloc       28%        N/A       12%         3
d - Cause Fear            Hex            13%        N/A       9%          4

Your spell library contained the following spells:

 Spells                   Type           Power      Damage    Failure   Level
 Ensorcelled Hibernation  Hex/Ice        28%        N/A       6%          2
 Freeze                   Ice            8%         1d3       17%         1
 Necrotise                Necr           8%         1d4       17%         1
 Momentum Strike          Conj/Tloc      4%         3d8       26%         2
 Passwall                 Tmut/Erth      1%         N/A       26%         2
 Static Discharge         Conj/Air       4%         2-3/arc   26%         2
 Lesser Beckoning         Tloc           4%         N/A       45%         3
 Vampiric Draining        Necr           2%         2d6       45%         3
 Vhi's Electric Charge    Tloc/Air       4%         N/A       45%         3
 Agony                    Necr           2%         N/A       99%         5
 Arcjolt                  Conj/Air       1%         1d11      99%         5
 Lightning Bolt           Conj/Air       1%         1d12      99%         5
 Storm Form               Tmut/Air       1%         N/A       100%        7
 Maxwell's Capacitive Co  Air            1%         ∞         100%        8
 Blink                    Tloc           Unusable   N/A       N/A         2
 Swiftness                Air            Unusable   N/A       N/A         3
 Summon Lightning Spire   Summ/Air       Unusable   N/A       N/A         4

Dungeon Overview and Level Annotations

Branches:
Dungeon (9/15)             Temple (1/1) D:4
   Lair: D:8-11         Orc: D:9-12

Altars:
Dithmenos
Gozag
Hepliaklqana
Kikubaaqudgha
Makhleb
Nemelex Xobeh
Okawaru
Sif Muna
Uskayaw
Xom
The Shining One

Annotations:
D:7 2 transporters, anet's ghost, novice GrCj


Innate Abilities, Weirdness & Mutations

You cannot be hasted, slowed, berserked, paralysed or teleported.
You can dig through walls and to a lower floor.
You have a pair of large antennae on your head. (SInv)
Your four strong arms can wield two-handed weapons with a shield.


Message History

Aiming: Inner Flame (dangerous; 6% risk of failure)
Press: ? - help, Dir - move target, f/p - orc warrior
Aim: an orc warrior, wielding a +0 arbalest and wearing a +0 plate armour (chance to affect: 74%)
The orc warrior is filled with an inner flame.
The orc priest shouts!
The orc warrior shoots a bolt.
The bolt hits you!
An orc comes into view. It is wielding a +0 short sword.
An orc comes into view. It is wielding a +0 dagger.
Casting: Inner Flame (dangerous; 6% risk of failure)
Confirm with . or Enter, or press ? or * to list all spells.
Aiming: Inner Flame (dangerous; 6% risk of failure)
Press: ? - help, Dir - move target, f - orc, p - orc warrior
Aim: an orc, wielding a +0 dagger (chance to affect: 86%)
The orc is filled with an inner flame.
The orc priest mumbles some strange prayers to Beogh against you.
Beogh smites you!
Fire: a) +1 sling
Press: ? - help, Shift-Dir - straight line, f/p - orc
Aim: an orc, wielding a +0 dagger (inner flame, 62% to hit)
You shoot a sling bullet.
The sling bullet hits the orc warrior but does no damage.
Casting: Inner Flame (dangerous; 6% risk of failure)
Confirm with . or Enter, or press ? or * to list all spells.
You begin teleporting projectiles to their destination.
The orc warrior shoots a bolt.
The bolt hits you!!
* * * LOW HITPOINT WARNING * * *
Fire: a) +1 sling
Press: ? - help, Shift-Dir - straight line, f/p - orc
Aim: an orc, wielding a +0 dagger (inner flame, 62% to hit)
You magically shoot a sling bullet.
The sling bullet completely misses the orc.
Fire: a) +1 sling
Press: ? - help, Shift-Dir - straight line, f/p - orc
Aim: an orc, wielding a +0 dagger (inner flame, 62% to hit)
You magically shoot a sling bullet.
The sling bullet hits the orc.
Flame seeps out of the orc.
The orc is moderately wounded.
The orc priest mumbles some strange prayers to Beogh against you.
Pain shoots through your body!
You die...

#### ######..#
#^...>.##
#.###.## .####
#..# ......##.##
#......#### .
###.......###oo.#
#...####@..o....
#.... ####o....
...##. .... ...#
#. ### ..# #. ..
#.


You could see an orc warrior (inner flame), an orc priest and 2 orcs.

Vanquished Creatures
  An ice beast (D:5)
  2 ogres
  A phantom (D:5)
  2 bullfrogs
  5 scorpions
  4 hounds
  2 jellies
  2 iguanas (D:6)
  5 orc wizards
  8 adders
  3 white imps
  An ufetubus (D:4)
  2 worms
  3 dart slugs
  16 orcs
  A bat (D:2)
  4 endoplasms
  4 giant cockroaches
  8 goblins
  4 hobgoblins
  4 jackals (D:2)
  A quokka (D:4)
  8 ball pythons
  4 frilled lizards
  10 kobolds
  4 rats
109 creatures vanquished.

Vanquished Creatures (others)
  A fungus (D:4)
1 creature vanquished.

Grand Total: 110 creatures vanquished

Notes
Turn   | Place    | Note
-------+----------+-------------------------------------------
     0 | D:1      | Bnni the Formicid Hexslinger began the quest for the Orb.
     0 | D:1      | Reached XP level 1. HP: 15/15 MP: 2/2
    52 | D:1      | Found a faded altar of an unknown god.
    96 | D:1      | Reached XP level 2. HP: 21/21 MP: 3/3
   253 | D:1      | Reached skill level 4 in Hexes
   405 | D:2      | Reached XP level 3. HP: 22/26 MP: 3/5
   409 | D:2      | Learned a level 3 spell: Inner Flame
   771 | D:2      | Reached skill level 1 in Fire Magic
   771 | D:2      | Reached XP level 4. HP: 14/33 MP: 4/6
  1418 | D:3      | Reached XP level 5. HP: 6/38 MP: 7/7
  2108 | D:4      | Found an ancient bone altar of Kikubaaqudgha.
  2222 | D:4      | Learned a level 4 spell: Cause Fear
  2451 | D:4      | Found a staircase to the Ecumenical Temple.
  2456 | Temple   | Entered the Ecumenical Temple
  2491 | Temple   | Became a worshipper of Warmaster Okawaru
  2893 | D:4      | Found a hazy altar of Hepliaklqana.
  3121 | D:5      | Entered Level 5 of the Dungeon
  3124 | D:5      | Noticed a bullfrog
  3124 | D:5      | Killed a bullfrog
  3125 | D:5      | Reached skill level 5 in Hexes
  3125 | D:5      | Reached skill level 1 in Invocations
  3125 | D:5      | Reached XP level 6. HP: 30/46 MP: 5/9
  3443 | D:4      | Reached XP level 7. HP: 28/51 MP: 8/10
  3635 | D:5      | Reached * piety under Okawaru
  3782 | D:5      | Learned a level 3 spell: Portal Projectile
  4099 | D:5      | Reached skill level 6 in Hexes
  4116 | D:5      | Reached ** piety under Okawaru
  4117 | D:5      | Reached XP level 8. HP: 25/58 MP: 9/12
  4243 | D:5      | Found a shimmering blue altar of Sif Muna.
  4252 | D:5      | Got Sif Muna's Omnibus of Cold
  5009 | D:6      | Found a shimmering altar of Xom.
  5026 | D:6      | Reached skill level 5 in Ranged Weapons
  6182 | D:7      | Reached skill level 7 in Hexes
  6263 | D:7      | Found a transporter.
  6338 | D:7      | Found a transporter.
  6341 | D:7      | Noticed anet's ghost (novice GrCj)
  6549 | D:7      | You are sucked into a shaft and drop 2 floors!
  6664 | D:8      | HP: 2/60 [orc warrior/bolt (25)]
  6666 | D:8      | Killed from afar by an orc priest

Illustrated notes

Levels and vault maps discovered:
D:1:      wander_arrival_estate, layout_rooms,
          hellmonk_ecumenical_altar_blasted, glass_columns_a, chequers_avenue
D:2:      layout_loops_cross
D:3:      layout_rooms
D:4:      layout_basic, amcnicky_altar_gilded, lemuel_round_altar,
          minmay_temple_entry_butterflies, corexii_item_surrounded_by_moat,
          chequers_arboretum, dreamdust_mushroom_princess
D:5:      layout_rooms, nicolae_sif_muna_little_library, serial_bayou_pond_b
D:6:      layout_loops_ring, mainiacjoe_overflow_cross_hatched, serial_rivers,
          chequers_serial_rivers_large_a, chequers_serial_rivers_micro_d,
          chequers_serial_rivers_micro_a, chequers_serial_rivers_marsh,
          chequers_serial_rivers_micro_d, chequers_serial_rivers_micro_d,
          nicolae_ossuary_entry_false_entrances
D:7:      layout_layer_cave, kennysheep_little_box, gammafunk_ghost_stat_death,
          nicolae_kite_square_tiling_tiny, kennysheep_generic_room_4
D:8:      layout_layer_cave, kennysheep_mini_moat,
          mainiacjoe_overflow_big_doors, minmay_mini_ossuary
D:9:      layout_loops_ring, lemuel_crystal_altar, special_room
          [special_room_kobold], uniq_erica
Temple:   nicolae_temple_hex_pool

Skill      XL: |  1  2  3  4  5  6  7  8 |
---------------+-------------------------+-----
Hexes          | 4 5 6 7 |  7.2
Fire Magic     | 1 2 3 |  3.0
Fighting       | 2 3 4 |  4.0
Ranged Weapons | 3 4 5 |  5.6
Spellcasting   | 2 3 |  3.6
Invocations    | 1 2 3 |  3.5
Dodging        | |  1.7

Action                   |  1- 3 |  4- 6 |  7- 9 || total
-------------------------+-------+-------+-------++-------
 Fire: Sling             |    83 |   211 |   227 ||   521
Throw: Throwing net      |       |       |     1 ||     1
 Cast: Slow              |     3 |    15 |    26 ||    44
       Inner Flame       |       |     4 |    12 ||    16
       Cause Fear        |       |     1 |     4 ||     5
       Portal Projectile |       |       |     1 ||     1
 Abil: Dig               |       |     1 |     2 ||     3
  Use: Scroll            |       |     7 |     4 ||    11
Armor: Robe              |    10 |    48 |    28 ||    86
Dodge: Dodged            |    20 |   133 |    70 ||   223

Table legend: (Time is in decaauts)
 A = Elapsed time spent in this place.
 B = Non-inter-level travel time spent in this place.
 C = Inter-level travel time spent in this place.
 D = Time resting spent in this place.
 E = Time spent auto-exploring this place.
 F = Levels seen in this place.
 G = Mean time per level.
                   A        B        C        D        E       F      G
               +--------+--------+--------+--------+--------+-----+--------+
         Total |   6786 |   6529 |    257 |   1498 |   3665 |  10 |  678.6 |
       Dungeon |   6737 |   6501 |    236 |   1498 |   3645 |   9 |  748.6 |
        Temple |     48 |     27 |     21 |      0 |     20 |   1 |   48.0 |
               +--------+--------+--------+--------+--------+-----+--------+

Top non-repeatable levels by time:
     D:4: 1512 daAuts
     D:5: 1319 daAuts
     D:6: 1182 daAuts
     D:3: 851 daAuts
     D:2: 761 daAuts
     D:1: 552 daAuts
     D:7: 441 daAuts
     D:9: 93 daAuts
  Temple: 48 daAuts
     D:8: 23 daAuts
